Workbook
Name compta: 'BASE AGENCE'!$A$66:$I$381
Name DateDebut: 'BASE AGENCE'!$B$3
Name DateFin: 'BASE AGENCE'!$D$3

Sheet BASE AGENCE
A1: dossier | B1: AXECOM
A3: période du | B3: 45748 | C3: au | D3: 45777 | G3: Montant Production | H3: =SUMIF(E:E,AND(">=7000000","<=71400000"),F:F) -> 0
A5: Date Ecriture | B5: Date Mensuelle | C5: Date Année | D5: Intitulé | E5: Compte | F5: Solde | G5: Agence | H5: Numéro Pièce Tiers | I5: Journal | J5: CATEGORIE 1 | K5: CATEGORIE 2 | L5: Charge & produit | M5: INDICATEUR | N5: PREV | O5: Segment Visible
A6: 45748 | B6: =A6 -> 45748 | C6: =YEAR(B6) -> 2025 | G6: AGENCE NORD | J6: PRODUCTION | K6: CHIFFRE D'AFFAIRES | L6: CA TRAVAUX | M6: MARGE CHANTIER | N6: 1136690 | O6: =IF(A6="","N",IF(A6="MULTIAGENCE","N","O")) -> O
A7: 45748 | B7: =A7 -> 45748 | C7: =YEAR(B7) -> 2025 | G7: AGENCE NORD | J7: COÜT PRODUCTION | K7: MAIN OEUVRE | L7: PAYE | M7: MARGE CHANTIER | N7: -141826 | O7: =IF(A7="","N",IF(A7="MULTIAGENCE","N","O")) -> O
A8: 45748 | B8: =A8 -> 45748 | C8: =YEAR(B8) -> 2025 | G8: AGENCE NORD | J8: COÜT PRODUCTION | K8: SOUS TRAITANCE | L8: SST | M8: MARGE CHANTIER | N8: -815920 | O8: =IF(A8="","N",IF(A8="MULTIAGENCE","N","O")) -> O
A9: 45748 | B9: =A9 -> 45748 | C9: =YEAR(B9) -> 2025 | G9: AGENCE NORD | J9: STRUCTURE | K9: COUT SALARIES ADM | L9: PAYE | M9: EBE | N9: -19671 | O9: =IF(A9="","N",IF(A9="MULTIAGENCE","N","O")) -> O
A10: 45748 | B10: =A10 -> 45748 | C10: =YEAR(B10) -> 2025 | G10: AGENCE NORD | J10: STRUCTURE | K10: FRAIS AGENCE | L10: DIVERS | M10: EBE | N10: -16146 | O10: =IF(A10="","N",IF(A10="MULTIAGENCE","N","O")) -> O
A11: 45778 | B11: =A11 -> 45778 | C11: =YEAR(B11) -> 2025 | G11: AGENCE NORD | J11: PRODUCTION | K11: CHIFFRE D'AFFAIRES | L11: CA TRAVAUX | M11: MARGE CHANTIER | N11: 1136690 | O11: =IF(A11="","N",IF(A11="MULTIAGENCE","N","O")) -> O
A12: 45778 | B12: =A12 -> 45778 | C12: =YEAR(B12) -> 2025 | G12: AGENCE NORD | J12: COÜT PRODUCTION | K12: MAIN OEUVRE | L12: PAYE | M12: MARGE CHANTIER | N12: -141826 | O12: =IF(A12="","N",IF(A12="MULTIAGENCE","N","O")) -> O
A13: 45778 | B13: =A13 -> 45778 | C13: =YEAR(B13) -> 2025 | G13: AGENCE NORD | J13: COÜT PRODUCTION | K13: SOUS TRAITANCE | L13: SST | M13: MARGE CHANTIER | N13: -815920 | O13: =IF(A13="","N",IF(A13="MULTIAGENCE","N","O")) -> O
A14: 45778 | B14: =A14 -> 45778 | C14: =YEAR(B14) -> 2025 | G14: AGENCE NORD | J14: STRUCTURE | K14: COUT SALARIES ADM | L14: PAYE | M14: EBE | N14: -19671 | O14: =IF(A14="","N",IF(A14="MULTIAGENCE","N","O")) -> O
A15: 45778 | B15: =A15 -> 45778 | C15: =YEAR(B15) -> 2025 | G15: AGENCE NORD | J15: STRUCTURE | K15: FRAIS AGENCE | L15: DIVERS | M15: EBE | N15: -16146 | O15: =IF(A15="","N",IF(A15="MULTIAGENCE","N","O")) -> O
A16: 45809 | B16: =A16 -> 45809 | C16: =YEAR(B16) -> 2025 | G16: AGENCE NORD | J16: PRODUCTION | K16: CHIFFRE D'AFFAIRES | L16: CA TRAVAUX | M16: MARGE CHANTIER | N16: 1136690 | O16: =IF(A16="","N",IF(A16="MULTIAGENCE","N","O")) -> O
A17: 45809 | B17: =A17 -> 45809 | C17: =YEAR(B17) -> 2025 | G17: AGENCE NORD | J17: COÜT PRODUCTION | K17: MAIN OEUVRE | L17: PAYE | M17: MARGE CHANTIER | N17: -141826 | O17: =IF(A17="","N",IF(A17="MULTIAGENCE","N","O")) -> O
... A65: 46082 | B65: =A65 -> 46082 | C65: =YEAR(B65) -> 2026 | G65: AGENCE NORD | J65: STRUCTURE | K65: FRAIS AGENCE | L65: DIVERS | M65: EBE | N65: -16146 | O65: =IF(A65="","N",IF(A65="MULTIAGENCE","N","O")) -> O
A66: Date Ecriture | B66: Date Mensuelle | C66: Date Année | D66: Intitulé | E66: Compte | F66: Solde | G66: Agence | H66: Numéro Pièce Tiers | I66: Journal | J66: CATEGORIE 1 | K66: CATEGORIE 2 | L66: Charge & produit | M66: INDICATEUR | N66: PREV | O66: =IF(A66="","N",IF(A66="MULTIAGENCE","N","O")) -> O
A67: 45748 | B67: 45748 | C67: 2025 | E67: 66100000 | F67: -1010.79 | G67: AGENCE NORD | I67: AB | J67: =IFERROR(VLOOKUP(E67,BDD!A:I,3,FALSE),"") -> FINANCIER | K67: =IFERROR(VLOOKUP(E67,BDD!A:I,4,FALSE),"") -> CHARGES FINANCIERES | L67: =IF(J67="","",IF(IFERROR(VLOOKUP(E67,BDD!A:H,5,FALSE),"")=0,"",VLOOKUP(E67,BDD!A:H,5,FALSE))) -> CHARGES FINANCIERES | M67: =IF(J67="","",IF(IFERROR(VLOOKUP(E67,BDD!A:G,6,FALSE),"")=0,"",VLOOKUP(E67,BDD!A:G,6,FALSE))) -> RESULTAT COURANT | O67: =IF(A67="","N",IF(A67="MULTIAGENCE","N","O")) -> O
A68: 45748 | B68: 45748 | C68: 2025 | E68: 68112000 | F68: -1405.42 | G68: AGENCE NORD | I68: AB | J68: =IFERROR(VLOOKUP(E68,BDD!A:I,3,FALSE),"") -> COÜT PRODUCTION | K68: =IFERROR(VLOOKUP(E68,BDD!A:I,4,FALSE),"") -> AMORTISSEMENTS | L68: =IF(J68="","",IF(IFERROR(VLOOKUP(E68,BDD!A:H,5,FALSE),"")=0,"",VLOOKUP(E68,BDD!A:H,5,FALSE))) -> AMORTISSEMENTS | M68: =IF(J68="","",IF(IFERROR(VLOOKUP(E68,BDD!A:G,6,FALSE),"")=0,"",VLOOKUP(E68,BDD!A:G,6,FALSE))) -> MARGE CHANTIER | O68: =IF(A68="","N",IF(A68="MULTIAGENCE","N","O")) -> O
A69: 45748 | B69: 45748 | C69: 2025 | E69: 61635000 | F69: 135.1 | G69: AGENCE NORD | I69: AB | J69: =IFERROR(VLOOKUP(E69,BDD!A:I,3,FALSE),"") -> COÜT PRODUCTION | K69: =IFERROR(VLOOKUP(E69,BDD!A:I,4,FALSE),"") -> MATERIEL | L69: =IF(J69="","",IF(IFERROR(VLOOKUP(E69,BDD!A:H,5,FALSE),"")=0,"",VLOOKUP(E69,BDD!A:H,5,FALSE))) -> VEHICULE - ASSURANCE | M69: =IF(J69="","",IF(IFERROR(VLOOKUP(E69,BDD!A:G,6,FALSE),"")=0,"",VLOOKUP(E69,BDD!A:G,6,FALSE))) -> MARGE CHANTIER | O69: =IF(A69="","N",IF(A69="MULTIAGENCE","N","O")) -> O
A70: 45748 | B70: 45748 | C70: 2025 | E70: 61622500 | F70: -3308.52 | G70: AGENCE NORD | I70: AB | J70: =IFERROR(VLOOKUP(E70,BDD!A:I,3,FALSE),"") -> COÜT PRODUCTION | K70: =IFERROR(VLOOKUP(E70,BDD!A:I,4,FALSE),"") -> MATERIEL | L70: =IF(J70="","",IF(IFERROR(VLOOKUP(E70,BDD!A:H,5,FALSE),"")=0,"",VLOOKUP(E70,BDD!A:H,5,FALSE))) -> VEHICULE - ASSURANCE | M70: =IF(J70="","",IF(IFERROR(VLOOKUP(E70,BDD!A:G,6,FALSE),"")=0,"",VLOOKUP(E70,BDD!A:G,6,FALSE))) -> MARGE CHANTIER | O70: =IF(A70="","N",IF(A70="MULTIAGENCE","N","O")) -> O
A71: 45748 | B71: 45748 | C71: 2025 | E71: 61621200 | F71: -1472 | G71: AGENCE NORD | I71: AB | J71: =IFERROR(VLOOKUP(E71,BDD!A:I,3,FALSE),"") -> STRUCTURE | K71: =IFERROR(VLOOKUP(E71,BDD!A:I,4,FALSE),"") -> FRAIS GENERAUX | L71: =IF(J71="","",IF(IFERROR(VLOOKUP(E71,BDD!A:H,5,FALSE),"")=0,"",VLOOKUP(E71,BDD!A:H,5,FALSE))) -> ASSURANCE | M71: =IF(J71="","",IF(IFERROR(VLOOKUP(E71,BDD!A:G,6,FALSE),"")=0,"",VLOOKUP(E71,BDD!A:G,6,FALSE))) -> EBE | O71: =IF(A71="","N",IF(A71="MULTIAGENCE","N","O")) -> O
A72: 45748 | B72: 45748 | C72: 2025 | E72: 61410000 | F72: -386.17 | G72: AGENCE NORD | I72: AB | J72: =IFERROR(VLOOKUP(E72,BDD!A:I,3,FALSE),"") -> STRUCTURE | K72: =IFERROR(VLOOKUP(E72,BDD!A:I,4,FALSE),"") -> FRAIS AGENCE | L72: =IF(J72="","",IF(IFERROR(VLOOKUP(E72,BDD!A:H,5,FALSE),"")=0,"",VLOOKUP(E72,BDD!A:H,5,FALSE))) -> LOYER ET CHARGES | M72: =IF(J72="","",IF(IFERROR(VLOOKUP(E72,BDD!A:G,6,FALSE),"")=0,"",VLOOKUP(E72,BDD!A:G,6,FALSE))) -> EBE | O72: =IF(A72="","N",IF(A72="MULTIAGENCE","N","O")) -> O
A73: 45748 | B73: 45748 | C73: 2025 | E73: 63516000 | F73: -577.6 | G73: AGENCE NORD | I73: AB | J73: =IFERROR(VLOOKUP(E73,BDD!A:I,3,FALSE),"") -> STRUCTURE | K73: =IFERROR(VLOOKUP(E73,BDD!A:I,4,FALSE),"") -> FRAIS GENERAUX | L73: =IF(J73="","",IF(IFERROR(VLOOKUP(E73,BDD!A:H,5,FALSE),"")=0,"",VLOOKUP(E73,BDD!A:H,5,FALSE))) -> IMPOTS ET TAXES | M73: =IF(J73="","",IF(IFERROR(VLOOKUP(E73,BDD!A:G,6,FALSE),"")=0,"",VLOOKUP(E73,BDD!A:G,6,FALSE))) -> EBE | O73: =IF(A73="","N",IF(A73="MULTIAGENCE","N","O")) -> O
A74: 45748 | B74: 45748 | C74: 2025 | E74: 61320000 | F74: -3054.21 | G74: AGENCE NORD | I74: AB | J74: =IFERROR(VLOOKUP(E74,BDD!A:I,3,FALSE),"") -> STRUCTURE | K74: =IFERROR(VLOOKUP(E74,BDD!A:I,4,FALSE),"") -> FRAIS AGENCE | L74: =IF(J74="","",IF(IFERROR(VLOOKUP(E74,BDD!A:H,5,FALSE),"")=0,"",VLOOKUP(E74,BDD!A:H,5,FALSE))) -> LOYER ET CHARGES | M74: =IF(J74="","",IF(IFERROR(VLOOKUP(E74,BDD!A:G,6,FALSE),"")=0,"",VLOOKUP(E74,BDD!A:G,6,FALSE))) -> EBE | O74: =IF(A74="","N",IF(A74="MULTIAGENCE","N","O")) -> O
A75: 45748 | B75: 45748 | C75: 2025 | E75: 61566000 | F75: -178.88 | G75: AGENCE NORD | I75: AB | J75: =IFERROR(VLOOKUP(E75,BDD!A:I,3,FALSE),"") -> COÜT PRODUCTION | K75: =IFERROR(VLOOKUP(E75,BDD!A:I,4,FALSE),"") -> MATERIEL | L75: =IF(J75="","",IF(IFERROR(VLOOKUP(E75,BDD!A:H,5,FALSE),"")=0,"",VLOOKUP(E75,BDD!A:H,5,FALSE))) -> MATERIEL - ENTRETIEN | M75: =IF(J75="","",IF(IFERROR(VLOOKUP(E75,BDD!A:G,6,FALSE),"")=0,"",VLOOKUP(E75,BDD!A:G,6,FALSE))) -> MARGE CHANTIER | O75: =IF(A75="","N",IF(A75="MULTIAGENCE","N","O")) -> O
A76: 45748 | B76: 45748 | C76: 2025 | E76: 63710000 | F76: -1662 | G76: AGENCE NORD | I76: AB | J76: =IFERROR(VLOOKUP(E76,BDD!A:I,3,FALSE),"") -> STRUCTURE | K76: =IFERROR(VLOOKUP(E76,BDD!A:I,4,FALSE),"") -> FRAIS GENERAUX | L76: =IF(J76="","",IF(IFERROR(VLOOKUP(E76,BDD!A:H,5,FALSE),"")=0,"",VLOOKUP(E76,BDD!A:H,5,FALSE))) -> IMPOTS ET TAXES | M76: =IF(J76="","",IF(IFERROR(VLOOKUP(E76,BDD!A:G,6,FALSE),"")=0,"",VLOOKUP(E76,BDD!A:G,6,FALSE))) -> EBE | O76: =IF(A76="","N",IF(A76="MULTIAGENCE","N","O")) -> O
A77: 45748 | B77: 45748 | C77: 2025 | E77: 61621300 | F77: -1219 | G77: AGENCE NORD | I77: AB | J77: =IFERROR(VLOOKUP(E77,BDD!A:I,3,FALSE),"") -> STRUCTURE | K77: =IFERROR(VLOOKUP(E77,BDD!A:I,4,FALSE),"") -> FRAIS GENERAUX | L77: =IF(J77="","",IF(IFERROR(VLOOKUP(E77,BDD!A:H,5,FALSE),"")=0,"",VLOOKUP(E77,BDD!A:H,5,FALSE))) -> ASSURANCE | M77: =IF(J77="","",IF(IFERROR(VLOOKUP(E77,BDD!A:G,6,FALSE),"")=0,"",VLOOKUP(E77,BDD!A:G,6,FALSE))) -> EBE | O77: =IF(A77="","N",IF(A77="MULTIAGENCE","N","O")) -> O
A78: 45748 | B78: 45748 | C78: 2025 | E78: 66163000 | F78: -269.73 | G78: AGENCE NORD | I78: SG | J78: =IFERROR(VLOOKUP(E78,BDD!A:I,3,FALSE),"") -> FINANCIER | K78: =IFERROR(VLOOKUP(E78,BDD!A:I,4,FALSE),"") -> CHARGES FINANCIERES | L78: =IF(J78="","",IF(IFERROR(VLOOKUP(E78,BDD!A:H,5,FALSE),"")=0,"",VLOOKUP(E78,BDD!A:H,5,FALSE))) -> CHARGES FINANCIERES | M78: =IF(J78="","",IF(IFERROR(VLOOKUP(E78,BDD!A:G,6,FALSE),"")=0,"",VLOOKUP(E78,BDD!A:G,6,FALSE))) -> RESULTAT COURANT | O78: =IF(A78="","N",IF(A78="MULTIAGENCE","N","O")) -> O
... A381: 45777 | B381: 45748 | C381: 2025 | E381: 64502099 | F381: -7098.75 | G381: AGENCE NORD | I381: PAY | J381: =IFERROR(VLOOKUP(E381,BDD!A:I,3,FALSE),"") -> STRUCTURE | K381: =IFERROR(VLOOKUP(E381,BDD!A:I,4,FALSE),"") -> COUT SALARIES ADM | L381: =IF(J381="","",IF(IFERROR(VLOOKUP(E381,BDD!A:H,5,FALSE),"")=0,"",VLOOKUP(E381,BDD!A:H,5,FALSE))) -> PAYE | M381: =IF(J381="","",IF(IFERROR(VLOOKUP(E381,BDD!A:G,6,FALSE),"")=0,"",VLOOKUP(E381,BDD!A:G,6,FALSE))) -> EBE | O381: =IF(A381="","N",IF(A381="MULTIAGENCE","N","O")) -> O

Sheet BDD
A1: Compte | B1: Désignation | C1: NIVEAU 1 | D1: NIVEAU 2 | E1: NIVEAU 3 | F1: INDICATEUR | G1: INDICATEUR2 | H1: CHARGE ET PRODUITS | I1: NATURES | J1: MARGE COMMERCIALE | K1: PRODUCTION DE L'EXERCICE | L1: VALEUR AJOUTEE | M1: EBE | N1: RESULTAT EXPLOITATION | O1: RESULTAT COURANT | P1: RESULTAT AVANT IMPOT | Q1: RESULTAT
A2: 60210000 | B2: Matières consommables | C2: COÜT PRODUCTION | D2: ACHATS | E2: FOURNITURE | F2: MARGE CHANTIER | G2: % MARGE CHANTIER | H2: CHARGE | I2: ACHATS STOCKES | J2: MARGE COMMERCIALE | L2: VALEUR AJOUTEE | M2: EBE | N2: RESULTAT EXPLOITATION | O2: RESULTAT COURANT | Q2: RESULTAT
A3: 60220000 | B3: Fournitures consommables | C3: COÜT PRODUCTION | D3: ACHATS | E3: FOURNITURE | F3: MARGE CHANTIER | G3: % MARGE CHANTIER | H3: CHARGE | I3: ACHATS STOCKES | J3: MARGE COMMERCIALE | L3: VALEUR AJOUTEE | M3: EBE | N3: RESULTAT EXPLOITATION | O3: RESULTAT COURANT | Q3: RESULTAT | T3: 1 - MARGE COMMERCIALE
A4: 60221000 | B4: Fournitures consommables intracommunaut | C4: COÜT PRODUCTION | D4: ACHATS | E4: FOURNITURE | F4: MARGE CHANTIER | G4: % MARGE CHANTIER | H4: CHARGE | I4: ACHATS STOCKES | J4: MARGE COMMERCIALE | L4: VALEUR AJOUTEE | M4: EBE | N4: RESULTAT EXPLOITATION | O4: RESULTAT COURANT | Q4: RESULTAT
A5: 60320000 | B5: Variation des stocks autres approvision. | C5: COÜT PRODUCTION | D5: ACHATS | E5: VARIATION STOCK | F5: MARGE CHANTIER | G5: % MARGE CHANTIER | H5: CHARGE | I5: ACHATS STOCKES | J5: MARGE COMMERCIALE | L5: VALEUR AJOUTEE | M5: EBE | N5: RESULTAT EXPLOITATION | O5: RESULTAT COURANT | Q5: RESULTAT | T5: 2 - PRODUCTION DE L'EXERCICE
A6: 60400000 | B6: Achats d'études et prestations de serv. | C6: COÜT PRODUCTION | D6: MAIN OEUVRE | E6: ETUDE | F6: MARGE CHANTIER | G6: % MARGE CHANTIER | H6: CHARGE | I6: SERVICES EXTERIEURS | L6: VALEUR AJOUTEE | M6: EBE | N6: RESULTAT EXPLOITATION | O6: RESULTAT COURANT | Q6: RESULTAT
A7: 60404000 | B7: Achat d'études CEE | C7: COÜT PRODUCTION | D7: MAIN OEUVRE | E7: ETUDE | F7: MARGE CHANTIER | G7: % MARGE CHANTIER | H7: CHARGE | I7: SERVICES EXTERIEURS | L7: VALEUR AJOUTEE | M7: EBE | N7: RESULTAT EXPLOITATION | O7: RESULTAT COURANT | Q7: RESULTAT | T7: 3 - VALEUR AJOUTEE (1+2 - SERVICES EXTERIEURS)
A8: 60405000 | B8: Achats d'études hors CEE | C8: COÜT PRODUCTION | D8: MAIN OEUVRE | E8: ETUDE | F8: MARGE CHANTIER | G8: % MARGE CHANTIER | H8: CHARGE | I8: SERVICES EXTERIEURS | L8: VALEUR AJOUTEE | M8: EBE | N8: RESULTAT EXPLOITATION | O8: RESULTAT COURANT | Q8: RESULTAT
A9: 60409000 | B9: Achats d'études Non Taxable | C9: COÜT PRODUCTION | D9: MAIN OEUVRE | E9: ETUDE | F9: MARGE CHANTIER | G9: % MARGE CHANTIER | H9: CHARGE | I9: SERVICES EXTERIEURS | L9: VALEUR AJOUTEE | M9: EBE | N9: RESULTAT EXPLOITATION | O9: RESULTAT COURANT | Q9: RESULTAT | T9: 4 - EBE (3+ subv - impot - charges personnel)
A10: 60611000 | B10: Electricité Montataire | C10: STRUCTURE | D10: FRAIS AGENCE | E10: LOYER ET CHARGES | F10: EBE | G10: % EBE | H10: CHARGE | I10: SERVICES EXTERIEURS | L10: VALEUR AJOUTEE | M10: EBE | N10: RESULTAT EXPLOITATION | O10: RESULTAT COURANT | Q10: RESULTAT
A11: 60611100 | B11: Electricité Canisy | C11: STRUCTURE | D11: FRAIS AGENCE | E11: LOYER ET CHARGES | F11: EBE | G11: % EBE | H11: CHARGE | I11: SERVICES EXTERIEURS | L11: VALEUR AJOUTEE | M11: EBE | N11: RESULTAT EXPLOITATION | O11: RESULTAT COURANT | Q11: RESULTAT | T11: 5 - RESULTAT EXPLOITATION (4+ rep prov expl + transfert ch + autres pro - autres char - DAP)
A12: 60611200 | B12: Electricité Chalon en champagne | C12: STRUCTURE | D12: FRAIS AGENCE | E12: LOYER ET CHARGES | F12: EBE | G12: % EBE | H12: CHARGE | I12: SERVICES EXTERIEURS | L12: VALEUR AJOUTEE | M12: EBE | N12: RESULTAT EXPLOITATION | O12: RESULTAT COURANT | Q12: RESULTAT
A13: 60611300 | B13: Electricité Bourgogne | C13: STRUCTURE | D13: FRAIS AGENCE | E13: LOYER ET CHARGES | F13: EBE | G13: % EBE | H13: CHARGE | I13: SERVICES EXTERIEURS | L13: VALEUR AJOUTEE | M13: EBE | N13: RESULTAT EXPLOITATION | O13: RESULTAT COURANT | Q13: RESULTAT | T13: 6 - RCAI (5 + pdt fin - ch fin)
A14: 60611400 | B14: Electricité Cassel | C14: STRUCTURE | D14: FRAIS AGENCE | E14: LOYER ET CHARGES | F14: EBE | G14: % EBE | H14: CHARGE | I14: SERVICES EXTERIEURS | L14: VALEUR AJOUTEE | M14: EBE | N14: RESULTAT EXPLOITATION | O14: RESULTAT COURANT | Q14: RESULTAT
A15: 60611500 | B15: Electricité Chalon en champagne | C15: STRUCTURE | D15: FRAIS AGENCE | E15: LOYER ET CHARGES | F15: EBE | G15: % EBE | H15: CHARGE | I15: SERVICES EXTERIEURS | L15: VALEUR AJOUTEE | M15: EBE | N15: RESULTAT EXPLOITATION | O15: RESULTAT COURANT | Q15: RESULTAT
A16: 60611600 | B16: Electricité Fretin | C16: STRUCTURE | D16: FRAIS AGENCE | E16: LOYER ET CHARGES | F16: EBE | G16: % EBE | H16: CHARGE | I16: SERVICES EXTERIEURS | L16: VALEUR AJOUTEE | M16: EBE | N16: RESULTAT EXPLOITATION | O16: RESULTAT COURANT | Q16: RESULTAT
A17: 60611700 | B17: Electricité Mery | C17: STRUCTURE | D17: FRAIS AGENCE | E17: LOYER ET CHARGES | F17: EBE | G17: % EBE | H17: CHARGE | I17: SERVICES EXTERIEURS | L17: VALEUR AJOUTEE | M17: EBE | N17: RESULTAT EXPLOITATION | O17: RESULTAT COURANT | Q17: RESULTAT
A18: 60612000 | B18: Eaux Montataire | C18: STRUCTURE | D18: FRAIS AGENCE | E18: LOYER ET CHARGES | F18: EBE | G18: % EBE | H18: CHARGE | I18: SERVICES EXTERIEURS | L18: VALEUR AJOUTEE | M18: EBE | N18: RESULTAT EXPLOITATION | O18: RESULTAT COURANT | Q18: RESULTAT | T18: 7 - RST EXCEP : (pdt Exc - Ch Excp)
A19: 60612100 | B19: Eaux Dangy | C19: STRUCTURE | D19: FRAIS AGENCE | E19: LOYER ET CHARGES | F19: EBE | G19: % EBE | H19: CHARGE | I19: SERVICES EXTERIEURS | L19: VALEUR AJOUTEE | M19: EBE | N19: RESULTAT EXPLOITATION | O19: RESULTAT COURANT | Q19: RESULTAT
A20: 60612200 | B20: Eaux Chalon en Champagne | C20: STRUCTURE | D20: FRAIS AGENCE | E20: LOYER ET CHARGES | F20: EBE | G20: % EBE | H20: CHARGE | I20: SERVICES EXTERIEURS | L20: VALEUR AJOUTEE | M20: EBE | N20: RESULTAT EXPLOITATION | O20: RESULTAT COURANT | Q20: RESULTAT | T20: 8 RST (6+7 - IS - Participation)
A21: 60612300 | B21: Eaux Bourgogne | C21: STRUCTURE | D21: FRAIS AGENCE | E21: LOYER ET CHARGES | F21: EBE | G21: % EBE | H21: CHARGE | I21: SERVICES EXTERIEURS | L21: VALEUR AJOUTEE | M21: EBE | N21: RESULTAT EXPLOITATION | O21: RESULTAT COURANT | Q21: RESULTAT | T21: 8 RST (6+7 - IS - Participation)
A22: 60612400 | B22: Eaux Bresles | C22: STRUCTURE | D22: FRAIS AGENCE | E22: LOYER ET CHARGES | F22: EBE | G22: % EBE | H22: CHARGE | I22: SERVICES EXTERIEURS | L22: VALEUR AJOUTEE | M22: EBE | N22: RESULTAT EXPLOITATION | O22: RESULTAT COURANT | Q22: RESULTAT | T22: 8 RST (6+7 - IS - Participation)
A23: 60613000 | B23: Gaz Montataire | C23: STRUCTURE | D23: FRAIS AGENCE | E23: LOYER ET CHARGES | F23: EBE | G23: % EBE | H23: CHARGE | I23: SERVICES EXTERIEURS | L23: VALEUR AJOUTEE | M23: EBE | N23: RESULTAT EXPLOITATION | O23: RESULTAT COURANT | Q23: RESULTAT
A24: 60614000 | B24: Carburant - GO véhicule Utilitaire | C24: COÜT PRODUCTION | D24: MATERIEL | E24: VEHICULE -CARBURANT | F24: MARGE CHANTIER | G24: % MARGE CHANTIER | H24: CHARGE | I24: SERVICES EXTERIEURS | L24: VALEUR AJOUTEE | M24: EBE | N24: RESULTAT EXPLOITATION | O24: RESULTAT COURANT | Q24: RESULTAT
A25: 60615000 | B25: Carburant - Véhicule Tourisme | C25: COÜT PRODUCTION | D25: MATERIEL | E25: VEHICULE -CARBURANT | F25: MARGE CHANTIER | G25: % MARGE CHANTIER | H25: CHARGE | I25: SERVICES EXTERIEURS | L25: VALEUR AJOUTEE | M25: EBE | N25: RESULTAT EXPLOITATION | O25: RESULTAT COURANT | Q25: RESULTAT
A26: 60630000 | B26: Fournitures d'entretien et de petit équ. | C26: COÜT PRODUCTION | D26: MATERIEL | E26: MATEIREL -PETIT OUTILLAGE | F26: MARGE CHANTIER | G26: % MARGE CHANTIER | H26: CHARGE | I26: SERVICES EXTERIEURS | L26: VALEUR AJOUTEE | M26: EBE | N26: RESULTAT EXPLOITATION | O26: RESULTAT COURANT | Q26: RESULTAT
A27: 60631000 | B27: Vêtements de travail | C27: COÜT PRODUCTION | D27: MATERIEL | E27: MATEIREL -PETIT OUTILLAGE | F27: MARGE CHANTIER | G27: % MARGE CHANTIER | H27: CHARGE | I27: SERVICES EXTERIEURS | L27: VALEUR AJOUTEE | M27: EBE | N27: RESULTAT EXPLOITATION | O27: RESULTAT COURANT | Q27: RESULTAT
A28: 60632000 | B28: Achat petit équipement hors CEE | C28: COÜT PRODUCTION | D28: MATERIEL | E28: MATEIREL -PETIT OUTILLAGE | F28: MARGE CHANTIER | G28: % MARGE CHANTIER | H28: CHARGE | I28: SERVICES EXTERIEURS | L28: VALEUR AJOUTEE | M28: EBE | N28: RESULTAT EXPLOITATION | O28: RESULTAT COURANT | Q28: RESULTAT
A29: 60640000 | B29: Fournitures administratives | C29: STRUCTURE | D29: FRAIS AGENCE | E29: FOURNITURE BUREAU | F29: EBE | G29: % EBE | H29: CHARGE | I29: SERVICES EXTERIEURS | L29: VALEUR AJOUTEE | M29: EBE | N29: RESULTAT EXPLOITATION | O29: RESULTAT COURANT | Q29: RESULTAT
A30: 60800000 | B30: Frais accessoire d'achat | C30: COÜT PRODUCTION | D30: ACHATS | E30: FOURNITURE | F30: MARGE CHANTIER | G30: % MARGE CHANTIER | H30: CHARGE | I30: SERVICES EXTERIEURS | L30: VALEUR AJOUTEE | M30: EBE | N30: RESULTAT EXPLOITATION | O30: RESULTAT COURANT | Q30: RESULTAT
A31: 61000000 | B31: Services extérieurs | C31: COÜT PRODUCTION | D31: SOUS TRAITANCE | E31: SST | F31: MARGE CHANTIER | G31: % MARGE CHANTIER | H31: CHARGE | I31: SERVICES EXTERIEURS | L31: VALEUR AJOUTEE | M31: EBE | N31: RESULTAT EXPLOITATION | O31: RESULTAT COURANT | Q31: RESULTAT
A32: 61100000 | B32: Sous-traitance générale | C32: COÜT PRODUCTION | D32: SOUS TRAITANCE | E32: SST | F32: MARGE CHANTIER | G32: % MARGE CHANTIER | H32: CHARGE | I32: SERVICES EXTERIEURS | L32: VALEUR AJOUTEE | M32: EBE | N32: RESULTAT EXPLOITATION | O32: RESULTAT COURANT | Q32: RESULTAT
A33: 61101000 | B33: FNP Sous-traitance | C33: COÜT PRODUCTION | D33: SOUS TRAITANCE | E33: SST | F33: MARGE CHANTIER | G33: % MARGE CHANTIER | H33: CHARGE | I33: SERVICES EXTERIEURS | L33: VALEUR AJOUTEE | M33: EBE | N33: RESULTAT EXPLOITATION | O33: RESULTAT COURANT | Q33: RESULTAT
A34: 61102000 | B34: Sous-traitance générale intracommunautai | C34: COÜT PRODUCTION | D34: SOUS TRAITANCE | E34: SST | F34: MARGE CHANTIER | G34: % MARGE CHANTIER | H34: CHARGE | I34: SERVICES EXTERIEURS | L34: VALEUR AJOUTEE | M34: EBE | N34: RESULTAT EXPLOITATION | O34: RESULTAT COURANT | Q34: RESULTAT
... A153: 62518000 | B153: Frais déplacement divers | C153: STRUCTURE | D153: FRAIS AGENCE | E153: FRAIS DE DEPLACEMENT | F153: EBE | G153: % EBE | H153: CHARGE | I153: SERVICES EXTERIEURS | L153: VALEUR AJOUTEE | M153: EBE | N153: RESULTAT EXPLOITATION | O153: RESULTAT COURANT | Q153: RESULTAT
A154: 62520000 | B154: Frais déplacement | C154: COÜT PRODUCTION | D154: MAIN OEUVRE | E154: PAYE | F154: MARGE CHANTIER | G154: % MARGE CHANTIER | H154: CHARGE | I154: CHARGES DE PERSONNEL | M154: EBE | N154: RESULTAT EXPLOITATION | O154: RESULTAT COURANT | Q154: RESULTAT
A155: 62550000 | B155: Frais de déménagement | C155: STRUCTURE | D155: FRAIS AGENCE | E155: FRAIS DE DEPLACEMENT | F155: EBE | G155: % EBE | H155: CHARGE | I155: SERVICES EXTERIEURS | L155: VALEUR AJOUTEE | M155: EBE | N155: RESULTAT EXPLOITATION | O155: RESULTAT COURANT | Q155: RESULTAT
A156: 62570000 | B156: Réceptions | C156: STRUCTURE | D156: FRAIS AGENCE | E156: FRAIS DE DEPLACEMENT | F156: EBE | G156: % EBE | H156: CHARGE | I156: SERVICES EXTERIEURS | L156: VALEUR AJOUTEE | M156: EBE | N156: RESULTAT EXPLOITATION | O156: RESULTAT COURANT | Q156: RESULTAT
A157: 62571000 | B157: Réceptions non soumis à tva | C157: STRUCTURE | D157: FRAIS AGENCE | E157: FRAIS DE DEPLACEMENT | F157: EBE | G157: % EBE | H157: CHARGE | I157: SERVICES EXTERIEURS | L157: VALEUR AJOUTEE | M157: EBE | N157: RESULTAT EXPLOITATION | O157: RESULTAT COURANT | Q157: RESULTAT
A158: 62610000 | B158: Frais postaux | C158: STRUCTURE | D158: FRAIS AGENCE | E158: DIVERS | F158: EBE | G158: % EBE | H158: CHARGE | I158: SERVICES EXTERIEURS | L158: VALEUR AJOUTEE | M158: EBE | N158: RESULTAT EXPLOITATION | O158: RESULTAT COURANT | Q158: RESULTAT
A159: 62615000 | B159: Frais postaux | C159: STRUCTURE | D159: FRAIS GENERAUX | E159: DIVERS | F159: EBE | G159: % EBE | H159: CHARGE | I159: SERVICES EXTERIEURS | L159: VALEUR AJOUTEE | M159: EBE | N159: RESULTAT EXPLOITATION | O159: RESULTAT COURANT | Q159: RESULTAT
A160: 62620000 | B160: Téléphone Fixe Cassel | C160: STRUCTURE | D160: FRAIS AGENCE | E160: DIVERS | F160: EBE | G160: % EBE | H160: CHARGE | I160: SERVICES EXTERIEURS | L160: VALEUR AJOUTEE | M160: EBE | N160: RESULTAT EXPLOITATION | O160: RESULTAT COURANT | Q160: RESULTAT
A161: 62621000 | B161: Téléphone portable | C161: STRUCTURE | D161: FRAIS AGENCE | E161: DIVERS | F161: EBE | G161: % EBE | H161: CHARGE | I161: SERVICES EXTERIEURS | L161: VALEUR AJOUTEE | M161: EBE | N161: RESULTAT EXPLOITATION | O161: RESULTAT COURANT | Q161: RESULTAT
A162: 62622000 | B162: Téléphone Fixe Fretin | C162: STRUCTURE | D162: FRAIS AGENCE | E162: DIVERS | F162: EBE | G162: % EBE | H162: CHARGE | I162: SERVICES EXTERIEURS | L162: VALEUR AJOUTEE | M162: EBE | N162: RESULTAT EXPLOITATION | O162: RESULTAT COURANT | Q162: RESULTAT
A163: 62623000 | B163: Téléphone Fixe Montataire | C163: STRUCTURE | D163: FRAIS AGENCE | E163: DIVERS | F163: EBE | G163: % EBE | H163: CHARGE | I163: SERVICES EXTERIEURS | L163: VALEUR AJOUTEE | M163: EBE | N163: RESULTAT EXPLOITATION | O163: RESULTAT COURANT | Q163: RESULTAT
A164: 62639000 | B164: Abonnement DSO SIP OTT Teams | C164: STRUCTURE | D164: FRAIS AGENCE | E164: DIVERS | F164: EBE | G164: % EBE | H164: CHARGE | I164: SERVICES EXTERIEURS | L164: VALEUR AJOUTEE | M164: EBE | N164: RESULTAT EXPLOITATION | O164: RESULTAT COURANT | Q164: RESULTAT
A165: 62624000 | B165: Téléphone fixe Dangy | C165: STRUCTURE | D165: FRAIS AGENCE | E165: DIVERS | F165: EBE | G165: % EBE | H165: CHARGE | I165: SERVICES EXTERIEURS | L165: VALEUR AJOUTEE | M165: EBE | N165: RESULTAT EXPLOITATION | O165: RESULTAT COURANT | Q165: RESULTAT
A166: 62625000 | B166: Nom domaine / adresse mail | C166: STRUCTURE | D166: FRAIS AGENCE | E166: DIVERS | F166: EBE | G166: % EBE | H166: CHARGE | I166: SERVICES EXTERIEURS | L166: VALEUR AJOUTEE | M166: EBE | N166: RESULTAT EXPLOITATION | O166: RESULTAT COURANT | Q166: RESULTAT
... A191: 62860000 | B191: Formation | C191: STRUCTURE | D191: FRAIS AGENCE | E191: FORMATION | F191: EBE | G191: % EBE | H191: CHARGE | I191: SERVICES EXTERIEURS | L191: VALEUR AJOUTEE | M191: EBE | N191: RESULTAT EXPLOITATION | O191: RESULTAT COURANT | Q191: RESULTAT
A192: 63120000 | B192: CUA | C192: COÜT PRODUCTION | D192: MAIN OEUVRE | E192: PAYE | F192: MARGE CHANTIER | G192: % MARGE CHANTIER | H192: CHARGE | I192: IMPOTS ET TAXES | M192: EBE | N192: RESULTAT EXPLOITATION | O192: RESULTAT COURANT | Q192: RESULTAT
A193: 63121000 | B193: Taxe d'apprentissage | C193: COÜT PRODUCTION | D193: MAIN OEUVRE | E193: PAYE | F193: MARGE CHANTIER | G193: % MARGE CHANTIER | H193: CHARGE | I193: IMPOTS ET TAXES | M193: EBE | N193: RESULTAT EXPLOITATION | O193: RESULTAT COURANT | Q193: RESULTAT
A194: 63122000 | B194: Taxe d'apprentissage Administratif | C194: COÜT PRODUCTION | D194: MAIN OEUVRE | E194: PAYE | F194: MARGE CHANTIER | G194: % MARGE CHANTIER | H194: CHARGE | I194: IMPOTS ET TAXES | M194: EBE | N194: RESULTAT EXPLOITATION | O194: RESULTAT COURANT | Q194: RESULTAT
A195: 63124000 | B195: Taxe d'apprentissage Etudes NORD | C195: COÜT PRODUCTION | D195: MAIN OEUVRE | E195: PAYE | F195: MARGE CHANTIER | G195: % MARGE CHANTIER | H195: CHARGE | I195: IMPOTS ET TAXES | M195: EBE | N195: RESULTAT EXPLOITATION | O195: RESULTAT COURANT | Q195: RESULTAT
A196: 63130000 | B196: CUFP | C196: COÜT PRODUCTION | D196: MAIN OEUVRE | E196: PAYE | F196: MARGE CHANTIER | G196: % MARGE CHANTIER | H196: CHARGE | I196: IMPOTS ET TAXES | M196: EBE | N196: RESULTAT EXPLOITATION | O196: RESULTAT COURANT | Q196: RESULTAT
A197: 63131000 | B197: Particip. employeurs/formation continue | C197: COÜT PRODUCTION | D197: MAIN OEUVRE | E197: PAYE | F197: MARGE CHANTIER | G197: % MARGE CHANTIER | H197: CHARGE | I197: IMPOTS ET TAXES | M197: EBE | N197: RESULTAT EXPLOITATION | O197: RESULTAT COURANT | Q197: RESULTAT
A198: 63132000 | B198: Formation Administratif | C198: COÜT PRODUCTION | D198: MAIN OEUVRE | E198: PAYE | F198: MARGE CHANTIER | G198: % MARGE CHANTIER | H198: CHARGE | I198: IMPOTS ET TAXES | M198: EBE | N198: RESULTAT EXPLOITATION | O198: RESULTAT COURANT | Q198: RESULTAT
A199: 63133000 | B199: Part. Form Continue Ch. d'affaire NORD | C199: COÜT PRODUCTION | D199: MAIN OEUVRE | E199: PAYE | F199: MARGE CHANTIER | G199: % MARGE CHANTIER | H199: CHARGE | I199: IMPOTS ET TAXES | M199: EBE | N199: RESULTAT EXPLOITATION | O199: RESULTAT COURANT | Q199: RESULTAT
A200: 63134000 | B200: Part. Form Continue Etudes NORD | C200: COÜT PRODUCTION | D200: MAIN OEUVRE | E200: PAYE | F200: MARGE CHANTIER | G200: % MARGE CHANTIER | H200: CHARGE | I200: IMPOTS ET TAXES | M200: EBE | N200: RESULTAT EXPLOITATION | O200: RESULTAT COURANT | Q200: RESULTAT
A201: 63321000 | B201: Allocation logement | C201: COÜT PRODUCTION | D201: MAIN OEUVRE | E201: PAYE | F201: MARGE CHANTIER | G201: % MARGE CHANTIER | H201: CHARGE | I201: IMPOTS ET TAXES | M201: EBE | N201: RESULTAT EXPLOITATION | O201: RESULTAT COURANT | Q201: RESULTAT
A202: 63340000 | B202: Particip. employeurs/effort construction | C202: COÜT PRODUCTION | D202: MAIN OEUVRE | E202: PAYE | F202: MARGE CHANTIER | G202: % MARGE CHANTIER | H202: CHARGE | I202: IMPOTS ET TAXES | M202: EBE | N202: RESULTAT EXPLOITATION | O202: RESULTAT COURANT | Q202: RESULTAT
A203: 63341000 | B203: Particip. employeurs/effort construction | C203: COÜT PRODUCTION | D203: MAIN OEUVRE | E203: PAYE | F203: MARGE CHANTIER | G203: % MARGE CHANTIER | H203: CHARGE | I203: IMPOTS ET TAXES | M203: EBE | N203: RESULTAT EXPLOITATION | O203: RESULTAT COURANT | Q203: RESULTAT
... A260: 64900000 | B260: Crédit d'Impôt Compétitivité Emploi | C260: COÜT PRODUCTION | D260: MAIN OEUVRE | E260: PAYE | F260: MARGE CHANTIER | G260: % MARGE CHANTIER | H260: CHARGE | I260: CHARGES DE PERSONNEL | M260: EBE | N260: RESULTAT EXPLOITATION | O260: RESULTAT COURANT | Q260: RESULTAT
A261: 65400000 | B261: Pertes sur créances irrecouvrables | C261: STRUCTURE | D261: FRAIS GENERAUX | E261: DIVERS | F261: EBE | G261: % EBE | H261: CHARGE | I261: AUTRES CHARGES | N261: RESULTAT EXPLOITATION | O261: RESULTAT COURANT | Q261: RESULTAT
A262: 65800000 | B262: Charges diverses de gestion courante | C262: STRUCTURE | D262: FRAIS GENERAUX | E262: DIVERS | F262: EBE | G262: % EBE | H262: CHARGE | I262: CHARGES FINANCIERES | O262: RESULTAT COURANT | Q262: RESULTAT
A263: 66100000 | B263: Intérêts bancaires | C263: FINANCIER | D263: CHARGES FINANCIERES | E263: CHARGES FINANCIERES | F263: RESULTAT COURANT | G263: % RESULTAT COURANT | H263: CHARGE | I263: CHARGES FINANCIERES | O263: RESULTAT COURANT | Q263: RESULTAT
A264: 66101000 | B264: Intérêts Bancaires BP | C264: FINANCIER | D264: CHARGES FINANCIERES | E264: CHARGES FINANCIERES | F264: RESULTAT COURANT | G264: % RESULTAT COURANT | H264: CHARGE | I264: CHARGES FINANCIERES | O264: RESULTAT COURANT | Q264: RESULTAT
A265: 66103000 | B265: Intérêts sur prêt CLIO AW-877-RR AI | C265: FINANCIER | D265: CHARGES FINANCIERES | E265: CHARGES FINANCIERES | F265: RESULTAT COURANT | G265: % RESULTAT COURANT | H265: CHARGE | I265: CHARGES FINANCIERES | O265: RESULTAT COURANT | Q265: RESULTAT
A266: 66105000 | B266: Intérêts sur prêt BPI 1M€ / CDN | C266: FINANCIER | D266: CHARGES FINANCIERES | E266: CHARGES FINANCIERES | F266: RESULTAT COURANT | G266: % RESULTAT COURANT | H266: CHARGE | I266: CHARGES FINANCIERES | O266: RESULTAT COURANT | Q266: RESULTAT
A267: 66111000 | B267: Intérêts sur prêt Matériel CB | C267: FINANCIER | D267: CHARGES FINANCIERES | E267: CHARGES FINANCIERES | F267: RESULTAT COURANT | G267: % RESULTAT COURANT | H267: CHARGE | I267: CHARGES FINANCIERES | O267: RESULTAT COURANT | Q267: RESULTAT
A268: 66112000 | B268: Intérêts CDN BMW | C268: FINANCIER | D268: CHARGES FINANCIERES | E268: CHARGES FINANCIERES | F268: RESULTAT COURANT | G268: % RESULTAT COURANT | H268: CHARGE | I268: CHARGES FINANCIERES | O268: RESULTAT COURANT | Q268: RESULTAT
A269: 66113000 | B269: Intérêts BPA N° 08580658 | C269: FINANCIER | D269: CHARGES FINANCIERES | E269: CHARGES FINANCIERES | F269: RESULTAT COURANT | G269: % RESULTAT COURANT | H269: CHARGE | I269: CHARGES FINANCIERES | O269: RESULTAT COURANT | Q269: RESULTAT
A270: 66114000 | B270: Intérêts / Prêt CDN 70 K€ | C270: FINANCIER | D270: CHARGES FINANCIERES | E270: CHARGES FINANCIERES | F270: RESULTAT COURANT | G270: % RESULTAT COURANT | H270: CHARGE | I270: CHARGES FINANCIERES | O270: RESULTAT COURANT | Q270: RESULTAT
A271: 66115000 | B271: Intérêts BPA N° 05889907 | C271: FINANCIER | D271: CHARGES FINANCIERES | E271: CHARGES FINANCIERES | F271: RESULTAT COURANT | G271: % RESULTAT COURANT | H271: CHARGE | I271: CHARGES FINANCIERES | O271: RESULTAT COURANT | Q271: RESULTAT
A272: 66116000 | B272: Intérêts sur Prêt CDN 500 k€ | C272: FINANCIER | D272: CHARGES FINANCIERES | E272: CHARGES FINANCIERES | F272: RESULTAT COURANT | G272: % RESULTAT COURANT | H272: CHARGE | I272: CHARGES FINANCIERES | O272: RESULTAT COURANT | Q272: RESULTAT
A273: 66117000 | B273: Intérêt sur Prêt BPA 150 k€ Matériel | C273: FINANCIER | D273: CHARGES FINANCIERES | E273: CHARGES FINANCIERES | F273: RESULTAT COURANT | G273: % RESULTAT COURANT | H273: CHARGE | I273: CHARGES FINANCIERES | O273: RESULTAT COURANT | Q273: RESULTAT
... A301: 66182000 | B301: Intérêts Avance + BPI | C301: FINANCIER | D301: CHARGES FINANCIERES | E301: CHARGES FINANCIERES | F301: RESULTAT COURANT | G301: % RESULTAT COURANT | H301: CHARGE | I301: CHARGES FINANCIERES | O301: RESULTAT COURANT | Q301: RESULTAT
A302: 67100000 | B302: Charges exceptionnelles/ op. de gestion | C302: EXCEPTIONNEL | D302: CHARGES EXCEPTIONNELLES | E302: CHARGES EXCEPTIONNELLES | F302: RESULTAT AVANT IMPOT | G302: % RESULTAT AVANT IMPOT | H302: EXCEPTIONNEL | I302: CHARGES EXCEPTIONNELLES | P302: RESULTAT AVANT IMPOT | Q302: RESULTAT
A303: 67110000 | B303: Pénalités sur marchés (dédits payés/a-v) | C303: EXCEPTIONNEL | D303: CHARGES EXCEPTIONNELLES | E303: CHARGES EXCEPTIONNELLES | F303: RESULTAT AVANT IMPOT | G303: % RESULTAT AVANT IMPOT | H303: EXCEPTIONNEL | I303: CHARGES EXCEPTIONNELLES | P303: RESULTAT AVANT IMPOT | Q303: RESULTAT
A304: 67120000 | B304: Pénalités, amendes fiscales et pénales | C304: EXCEPTIONNEL | D304: CHARGES EXCEPTIONNELLES | E304: CHARGES EXCEPTIONNELLES | F304: RESULTAT AVANT IMPOT | G304: % RESULTAT AVANT IMPOT | H304: EXCEPTIONNEL | I304: CHARGES EXCEPTIONNELLES | P304: RESULTAT AVANT IMPOT | Q304: RESULTAT
A305: 67121000 | B305: Pénalités, amendes fiscales et pénales | C305: EXCEPTIONNEL | D305: CHARGES EXCEPTIONNELLES | E305: CHARGES EXCEPTIONNELLES | F305: RESULTAT AVANT IMPOT | G305: % RESULTAT AVANT IMPOT | H305: EXCEPTIONNEL | I305: CHARGES EXCEPTIONNELLES | P305: RESULTAT AVANT IMPOT | Q305: RESULTAT
A306: 67180000 | B306: Autres charges except./ opér. de gestion | C306: EXCEPTIONNEL | D306: CHARGES EXCEPTIONNELLES | E306: CHARGES EXCEPTIONNELLES | F306: RESULTAT AVANT IMPOT | G306: % RESULTAT AVANT IMPOT | H306: EXCEPTIONNEL | I306: CHARGES EXCEPTIONNELLES | P306: RESULTAT AVANT IMPOT | Q306: RESULTAT
A307: 67200000 | B307: Charges sur exerices antérieurs | C307: EXCEPTIONNEL | D307: CHARGES EXCEPTIONNELLES | E307: CHARGES EXCEPTIONNELLES | F307: RESULTAT AVANT IMPOT | G307: % RESULTAT AVANT IMPOT | H307: EXCEPTIONNEL | I307: CHARGES EXCEPTIONNELLES | P307: RESULTAT AVANT IMPOT | Q307: RESULTAT
A308: 67500000 | B308: Valeurs comptables des él. d'actif cédés | C308: EXCEPTIONNEL | D308: CHARGES EXCEPTIONNELLES | E308: CHARGES EXCEPTIONNELLES | F308: RESULTAT AVANT IMPOT | G308: % RESULTAT AVANT IMPOT | H308: EXCEPTIONNEL | I308: CHARGES EXCEPTIONNELLES | P308: RESULTAT AVANT IMPOT | Q308: RESULTAT
A309: 67560000 | B309: Immobilisations financières | C309: EXCEPTIONNEL | D309: CHARGES EXCEPTIONNELLES | E309: CHARGES EXCEPTIONNELLES | F309: RESULTAT AVANT IMPOT | G309: % RESULTAT AVANT IMPOT | H309: EXCEPTIONNEL | I309: CHARGES EXCEPTIONNELLES | P309: RESULTAT AVANT IMPOT | Q309: RESULTAT
A310: 68100000 | B310: Dotations amortis. et prov. - ch. expl. | C310: COÜT PRODUCTION | D310: AMORTISSEMENTS | E310: AMORTISSEMENTS | F310: MARGE CHANTIER | G310: % MARGE CHANTIER | H310: CHARGE | I310: AMORTISSEMENTS | N310: RESULTAT EXPLOITATION | O310: RESULTAT COURANT | Q310: RESULTAT
A311: 68111000 | B311: Dotations amortis./ immo. incorporelles | C311: COÜT PRODUCTION | D311: AMORTISSEMENTS | E311: AMORTISSEMENTS | F311: MARGE CHANTIER | G311: % MARGE CHANTIER | H311: CHARGE | I311: AMORTISSEMENTS | N311: RESULTAT EXPLOITATION | O311: RESULTAT COURANT | Q311: RESULTAT
A312: 68112000 | B312: Dotations amortis./ immo. corporelles | C312: COÜT PRODUCTION | D312: AMORTISSEMENTS | E312: AMORTISSEMENTS | F312: MARGE CHANTIER | G312: % MARGE CHANTIER | H312: CHARGE | I312: AMORTISSEMENTS | N312: RESULTAT EXPLOITATION | O312: RESULTAT COURANT | Q312: RESULTAT
A313: 68700000 | B313: Dotations amortis. et prov. - Ch. excep. | C313: EXCEPTIONNEL | D313: PROVISIONS | E313: PROVISIONS | F313: RESULTAT AVANT IMPOT | G313: % RESULTAT AVANT IMPOT | H313: EXCEPTIONNEL | I313: CHARGES EXCEPTIONNELLES | P313: RESULTAT AVANT IMPOT | Q313: RESULTAT
A314: 68750000 | B314: Dotations aux prov./risques et ch. excep | C314: EXCEPTIONNEL | D314: PROVISIONS | E314: PROVISIONS | F314: RESULTAT AVANT IMPOT | G314: % RESULTAT AVANT IMPOT | H314: EXCEPTIONNEL | I314: CHARGES EXCEPTIONNELLES | P314: RESULTAT AVANT IMPOT | Q314: RESULTAT
A315: 68760000 | B315: Dotations prov./dépréciation exception. | C315: EXCEPTIONNEL | D315: PROVISIONS | E315: PROVISIONS | F315: RESULTAT AVANT IMPOT | G315: % RESULTAT AVANT IMPOT | H315: EXCEPTIONNEL | I315: CHARGES EXCEPTIONNELLES | P315: RESULTAT AVANT IMPOT | Q315: RESULTAT
A316: 69100000 | B316: Particip. sal. aux fruits de l'expansion | C316: STRUCTURE | D316: FRAIS GENERAUX | E316: IMPOTS ET TAXES | F316: EBE | G316: % EBE | H316: CHARGE | I316: PARTICIPATION | Q316: RESULTAT
A317: 69500000 | B317: Impôts sur les bénéfices | C317: STRUCTURE | D317: FRAIS GENERAUX | E317: IMPOTS ET TAXES | F317: EBE | G317: % EBE | H317: CHARGE | I317: IMPOTS SOCIETE | Q317: RESULTAT
A318: 69510000 | B318: Crédit Impôt MECENAT | C318: STRUCTURE | D318: FRAIS GENERAUX | E318: IMPOTS ET TAXES | F318: EBE | G318: % EBE | H318: CHARGE | I318: IMPOTS SOCIETE | Q318: RESULTAT
A319: 69520000 | B319: Contribution Additionnelle à l'IS | C319: STRUCTURE | D319: FRAIS GENERAUX | E319: IMPOTS ET TAXES | F319: EBE | G319: % EBE | H319: CHARGE | I319: IMPOTS SOCIETE | Q319: RESULTAT
A320: 69900000 | B320: report en arrière des déficis | C320: EXCEPTIONNEL | D320: CHARGES EXCEPTIONNELLES | E320: CHARGES EXCEPTIONNELLES | F320: RESULTAT AVANT IMPOT | G320: % RESULTAT AVANT IMPOT | H320: CHARGE | I320: IMPOTS SOCIETE | Q320: RESULTAT
A321: 70400000 | B321: Travaux | C321: PRODUCTION | D321: CHIFFRE D'AFFAIRES | E321: CA TRAVAUX | F321: MARGE CHANTIER | G321: % MARGE CHANTIER | H321: PRODUIT | I321: CHIFFRE AFFAIRE | J321: MARGE COMMERCIALE | L321: VALEUR AJOUTEE | M321: EBE | N321: RESULTAT EXPLOITATION | O321: RESULTAT COURANT | Q321: RESULTAT
A322: 70410000 | B322: Vente de Travaux à 19.60 % | C322: PRODUCTION | D322: CHIFFRE D'AFFAIRES | E322: CA TRAVAUX | F322: MARGE CHANTIER | G322: % MARGE CHANTIER | H322: PRODUIT | I322: CHIFFRE AFFAIRE | J322: MARGE COMMERCIALE | L322: VALEUR AJOUTEE | M322: EBE | N322: RESULTAT EXPLOITATION | O322: RESULTAT COURANT | Q322: RESULTAT
A323: 70410100 | B323: Ventes France FAE | C323: PRODUCTION | D323: CHIFFRE D'AFFAIRES | E323: FAE | F323: MARGE CHANTIER | G323: % MARGE CHANTIER | H323: PRODUIT | I323: CHIFFRE AFFAIRE | J323: MARGE COMMERCIALE | L323: VALEUR AJOUTEE | M323: EBE | N323: RESULTAT EXPLOITATION | O323: RESULTAT COURANT | Q323: RESULTAT
A324: 70451000 | B324: Ventes de travaux à 10 % | C324: PRODUCTION | D324: CHIFFRE D'AFFAIRES | E324: CA TRAVAUX | F324: MARGE CHANTIER | G324: % MARGE CHANTIER | H324: PRODUIT | I324: CHIFFRE AFFAIRE | J324: MARGE COMMERCIALE | L324: VALEUR AJOUTEE | M324: EBE | N324: RESULTAT EXPLOITATION | O324: RESULTAT COURANT | Q324: RESULTAT
A325: 70452000 | B325: Ventes de travaux à 20 % | C325: PRODUCTION | D325: CHIFFRE D'AFFAIRES | E325: CA TRAVAUX | F325: MARGE CHANTIER | G325: % MARGE CHANTIER | H325: PRODUIT | I325: CHIFFRE AFFAIRE | J325: MARGE COMMERCIALE | L325: VALEUR AJOUTEE | M325: EBE | N325: RESULTAT EXPLOITATION | O325: RESULTAT COURANT | Q325: RESULTAT
...

Sheet CR AGENCE 
A1: COMPARATIF REALISATIONS - PREVISIONS PAR AGENCE
A3: ="Période du "&TEXT(DateDebut,"jj/mm/aaaa")&" au "&TEXT(DateFin,"jj/mm/aaaa") -> Période du 01/04/2025 au 30/04/2025
B9: Étiquettes de colonnes
B10: AGENCE NORD | E10: Total Réalisé | F10: Total prévsions | G10: Total Ecarts
A11: Étiquettes de lignes | B11: Réalisé | C11: prévsions | D11: Ecarts
A12: MARGE CHANTIER
A13: PRODUCTION
A14: CHIFFRE D'AFFAIRES | B14: 1038737.1 | C14: 16265283 | D14: -15226546 | E14: 1038737.1 | F14: 16265283 | G14: -15226546
A15: Total PRODUCTION | B15: 1038737.1 | C15: 16265283 | D15: -15226546 | E15: 1038737.1 | F15: 16265283 | G15: -15226546
A16: COÜT PRODUCTION
A17: ACHATS | B17: -8911.42 | C17: 0 | D17: -8911.42 | E17: -8911.42 | F17: 0 | G17: -8911.42
A18: MATERIEL | B18: -33546.83 | C18: 0 | D18: -33546.83 | E18: -33546.83 | F18: 0 | G18: -33546.83
A19: SOUS TRAITANCE
A20: SST
A21: O | B21: -634175.49 | C21: -11846145 | D21: 11211970 | E21: -634175.49 | F21: -11846145 | G21: 11211970
A22: Total SST | B22: -634175.49 | C22: -11846145 | D22: 11211970 | E22: -634175.49 | F22: -11846145 | G22: 11211970
A23: Total SOUS TRAITANCE | B23: -634175.49 | C23: -11846145 | D23: 11211970 | E23: -634175.49 | F23: -11846145 | G23: 11211970
A24: MAIN OEUVRE
A25: PAYE
A26: O | B26: -96526.11 | C26: -1701912 | D26: 1605385.9 | E26: -96526.11 | F26: -1701912 | G26: 1605385.9
A27: Total PAYE | B27: -96526.11 | C27: -1701912 | D27: 1605385.9 | E27: -96526.11 | F27: -1701912 | G27: 1605385.9
A28: Total MAIN OEUVRE | B28: -96526.11 | C28: -1701912 | D28: 1605385.9 | E28: -96526.11 | F28: -1701912 | G28: 1605385.9
A29: AMORTISSEMENTS | B29: -1405.42 | C29: 0 | D29: -1405.42 | E29: -1405.42 | F29: 0 | G29: -1405.42
A30: Total COÜT PRODUCTION | B30: -774565.27 | C30: -13548057 | D30: 12773492 | E30: -774565.27 | F30: -13548057 | G30: 12773492
A31: MARGE CHANTIER | B31: 264171.79 | C31: 2717226 | D31: -2453054.2 | E31: 264171.79 | F31: 2717226 | G31: -2453054.2
A32: EBE
A33: STRUCTURE
A34: FRAIS AGENCE | B34: -7890.27 | C34: -193752 | D34: 185861.73 | E34: -7890.27 | F34: -193752 | G34: 185861.73
A35: FRAIS GENERAUX | B35: -5105.47 | C35: 0 | D35: -5105.47 | E35: -5105.47 | F35: 0 | G35: -5105.47
A36: COUT SALARIES ADM | B36: -25781.75 | C36: -236052 | D36: 210270.25 | E36: -25781.75 | F36: -236052 | G36: 210270.25
A37: Total STRUCTURE | B37: -38777.49 | C37: -429804 | D37: 391026.51 | E37: -38777.49 | F37: -429804 | G37: 391026.51
A38: EBE | B38: 225394.3 | C38: 2287422 | D38: -2062027.7 | E38: 225394.3 | F38: 2287422 | G38: -2062027.7
A39: RESULTAT COURANT
A40: FINANCIER | B40: -1449.45 | C40: 0 | D40: -1449.45 | E40: -1449.45 | F40: 0 | G40: -1449.45
A41: RESULTAT COURANT | B41: 223944.85 | C41: 2287422 | D41: -2063477.2 | E41: 223944.85 | F41: 2287422 | G41: -2063477.2
A42: RESULTAT AVANT IMPOT
A43: EXCEPTIONNEL | B43: 707.5 | C43: 0 | D43: 707.5 | E43: 707.5 | F43: 0 | G43: 707.5
A44: RESULTAT AVANT IMPOT | B44: 224652.35 | C44: 2287422 | D44: -2062769.7 | E44: 224652.35 | F44: 2287422 | G44: -2062769.7
A45: Total général
